 Seeded DCSS version 0.30.1-4-g462c640d31 (webtiles) character file.

Game seed: 6351066067085065685 (custom seed)

370 Esekla the Grave Robber (level 6, -1/32 HPs)
             Began as a Deep Elf Necromancer on Aug 17, 2023.
             Was a Follower of Vehumet.
             Slain by a gnoll
             ... wielding a +0 flail
              (10 damage)
             ... on level 4 of the Dungeon.
             The game lasted 00:15:19 (2753 turns).

Esekla the Grave Robber (Deep Elf Necromancer)      Turns: 2753, Time: 00:15:19

Health: -1/32      AC:  4    Str:  5    XL:     6   Next: 42%
Magic:  3/14       EV: 14    Int: 22    God:    Vehumet [*.....]
Gold:   195        SH:  0    Dex: 18    Spells: 6/14 levels left

rFire   . . .        a - +5 rapier of the Hero {heavy, rN+ Dex+3}
rCold   . . .        (no shield)
rNeg    + . .        m - +0 robe
rPois   .            h - +0 helmet
rElec   .            (no cloak)
rCorr   .            j - +0 pair of gloves
SInv    .            (no boots)
Will    .....        (no amulet)
Stlth   +++          (no ring)
HPRegen 0.25/turn    (no ring)
MPRegen 0.14/turn

%: no passive effects
@: no status effects
A: no striking features
a: Renounce Religion


You were on level 4 of the Dungeon.
You worshipped Vehumet.
Vehumet was aware of your devotion.
You visited 1 branch of the dungeon, and saw 4 of its levels.

You collected 195 gold pieces.

Inventory:

Hand Weapons
 a - the +5 rapier of the Hero (weapon) {heavy, rN+ Dex+3}
   (You found it on level 3 of the Dungeon)

   Dex:       It affects your dexterity (+3).
   rN:        It protects you from negative energy.
 r - a +0 spear
Missiles
 p - a poisoned dart (quivered)
Armour
 h - a +0 helmet (worn)
 j - a +0 pair of gloves (worn)
 m - a +0 robe (worn)
Wands
 c - a wand of roots (9)
Scrolls
 e - a scroll of silence {unknown}
 f - 4 scrolls of identify {unknown}
 l - a scroll of immolation {unknown}
 o - a scroll of enchant armour {unknown}
 q - a scroll of blinking {unknown}
 t - a scroll of fog {unknown}
 v - a scroll of amnesia {unknown}
 w - 2 scrolls of enchant weapon {unknown}
 x - a scroll of summoning {unknown}
Potions
 b - a potion of magic
 d - a potion of ambrosia {unknown}
 g - a potion of mutation {unknown}
 i - 3 potions of curing {unknown}
 k - 2 potions of attraction {unknown}
 n - a potion of haste {unknown}
 s - 2 potions of brilliance {unknown}
 u - a potion of heal wounds {unknown}


   Skills:
 + Level 2.5 Short Blades
 + Level 1.0 Throwing
 * Level 4.4 Dodging
 + Level 4.2 Stealth
 * Level 4.5 Spellcasting
 * Level 6.0 Necromancy
 * Level 0.6 Translocations


You had 6 spell levels left.
You knew the following spells:

 Your Spells              Type           Power      Damage    Failure   Level
a - Necrotise             Necr           100%       1d9       1%          1
b - Kiss of Death         Conj/Necr      72%        2d10      3%          1
d - Vampiric Draining     Necr           31%        2d8       2%          3
t - Teleport Other        Tloc           7%         N/A       24%         3

Your spell library contained the following spells:

 Spells                   Type           Power      Damage    Failure   Level
 Animate Dead             Necr           31%        N/A       9%          4
 Lesser Beckoning         Tloc           14%        N/A       12%         2
 Gell's Gravitas          Tloc           7%         N/A       24%         3
 Agony                    Necr           31%        N/A       26%         5


Dungeon Overview and Level Annotations

Branches:
Dungeon (4/15)
 Temple: D:4-7

Altars:
Hepliaklqana
Okawaru
Qazlal
Trog
Vehumet
Zin
The Shining One

Shops:
D:2 =   D:4 (


Message History

Aim: a gnoll, wielding a +0 halberd (moderately wounded, poisoned)
You draw life force from the gnoll.
You feel life coursing into your body. The gnoll misses you.
You puncture the gnoll!
You kill the gnoll!
Vehumet accepts your kill. The gnoll barely misses you.
The gnoll hits you from afar with a +0 spear.
The gnoll hits you with a +0 flail.
The gnoll hits you from afar with a +0 spear!
The gnoll hits you with a +0 club. The gnoll closely misses you.
Your Necromancy skill increases to level 6!
Casting: Vampiric Draining (dangerous; 2% risk of failure)
Confirm with . or Enter, or press ? or * to list all spells.
Aiming: Vampiric Draining (dangerous; 2% risk of failure)
Press: ? - help, Shift-Dir - straight line, f - gnoll
Aim: a gnoll, wielding a +0 club (lightly wounded, poisoned)
You draw life force from the gnoll!
You feel life coursing into your body. The gnoll misses you.
The gnoll hits you with a +0 club. The gnoll barely misses you.
Casting: Vampiric Draining (dangerous; 2% risk of failure)
Confirm with . or Enter, or press ? or * to list all spells.
Aiming: Vampiric Draining (dangerous; 2% risk of failure)
Press: ? - help, Shift-Dir - straight line, f/p - gnoll
Aim: a gnoll, wielding a +0 club (almost dead, poisoned)
You draw life force from the gnoll!
You kill the gnoll!
Vehumet accepts your kill.
You feel your power returning.
You feel life coursing into your body.
The gnoll hits you from afar with a +0 spear.
The gnoll hits you with a +0 flail.
* * * LOW HITPOINT WARNING * * *
Casting: Vampiric Draining (dangerous; 2% risk of failure)
Confirm with . or Enter, or press ? or * to list all spells.
Aiming: Vampiric Draining (dangerous; 2% risk of failure)
Press: ? - help, Shift-Dir - straight line, f - gnoll
Aim: a gnoll, wielding a +0 flail You draw life force from the gnoll.
You feel life coursing into your body. The gnoll closely misses you.
The gnoll hits you with a +0 flail!
You die...

...........# ...
##.g.........# ...
#............# ..
#............## ..
#.............# ..
#.............####+#
#.........(.>.......
#(####...(....####.#
#.)@)g(.((....####.#
#..)g...............
#..................#
#...............)..#
#........##........#
#........##........#
#........#########.#
#.........###......#
##.................#


You could see 2 gnolls.

Vanquished Creatures
  A black bear (D:2)
  A gnoll bouda (D:4)
  A hound (D:3)
  An iguana (D:2)
  9 gnolls
  4 adders
  A worm (D:4)
  3 dart slugs
  7 orcs
  6 ball pythons
  4 endoplasms
  8 goblins
  5 hobgoblins
  A quokka (D:1)
  4 bats
  4 frilled lizards
  4 kobolds
  A rat (D:2)
65 creatures vanquished.

Notes
Turn   | Place    | Note
-------+----------+-------------------------------------------
     0 | D:1      | Esekla the Deep Elf Necromancer began the quest for the
                  | Orb.
     0 | D:1      | Reached XP level 1. HP: 10/10 MP: 6/6
   163 | D:2      | Reached skill level 5 in Necromancy
   296 | D:4      | Found a glowing silver altar of Zin.
   310 | D:4      | Found an iron altar of Okawaru.
   324 | D:4      | Found a radiant altar of Vehumet.
   328 | D:4      | Became a worshipper of Vehumet
   480 | D:3      | Reached XP level 2. HP: 15/15 MP: 8/8
   529 | D:3      | Identified the +5 rapier of the Hero {heavy, rN+ Dex+3}
   552 | D:2      | Found Renulab's Jewellery Shop.
   884 | D:2      | Noticed a black bear
   896 | D:2      | Reached XP level 3. HP: 9/19 MP: 9/9
   900 | D:2      | Learned a level 3 spell: Vampiric Draining
   916 | D:2      | Found a faded altar of an unknown god.
   956 | D:2      | Reached skill level 1 in Short Blades
   966 | D:2      | Reached XP level 4. HP: 24/24 MP: 11/11
  1153 | D:1      | Reached * piety under Vehumet
  1153 | D:1      | Offered knowledge of Kiss of Death by Vehumet.
  1483 | D:2      | Killed a black bear
  1484 | D:2      | Reached skill level 1 in Throwing
  1484 | D:2      | Reached XP level 5. HP: 27/28 MP: 8/12
  2066 | D:3      | Found a stormy altar of Qazlal.
  2069 | D:3      | Found a hazy altar of Hepliaklqana.
  2069 | D:3      | Found a bloodstained altar of Trog.
  2251 | D:4      | Found Ponaysk's Antique Weapon Boutique.
  2263 | D:4      | Learned a level 3 spell: Teleport Other
  2265 | D:4      | Learned a level 1 spell: Kiss of Death
  2397 | D:4      | Found a glowing golden altar of the Shining One.
  2454 | D:4      | Reached XP level 6. HP: 32/32 MP: 14/14
  2751 | D:4      | Reached skill level 6 in Necromancy
  2753 | D:4      | Slain by a gnoll

Illustrated notes

Levels and vault maps discovered:
D:1:      sevenhm_arrival_forest_fort_small_3, layout_rooms,
          chequers_serial_rivers_room_b, minmay_misc_feat_five
D:2:      layout_loops_ring, dreamdust_ecumenical_altar_angels_and_demons,
          serial_shops, shop
D:3:      layout_basic, grunt_temple_overflow_open, minmay_misc_feat_iff
D:4:      layout_basic, nicolae_overflow_quartered_altars, serial_shops,
          nicolae_diamond_shop

Skill      XL: |  1  2  3  4  5  6 |
---------------+-------------------+-----
Necromancy     | 5 6 |  6.0
Dodging        | 3 4 |  4.4
Short Blades   | 1 2 |  2.5
Stealth        | 3 4 |  4.2
Throwing       | 1 |  1.0
Spellcasting   | 4 |  4.5
Translocations | |  0.6

Action                     |  1- 3 |  4- 6 || total
---------------------------+-------+-------++-------
  Melee: Short sword       |    22 |       ||    22
         Unarmed           |     9 |       ||     9
         Rapier            |    19 |    76 ||    95
         Punch             |       |     2 ||     2
  Throw: Dart              |     2 |     9 ||    11
   Cast: Vampiric Draining |       |    15 ||    15
    Use: Scroll            |       |     1 ||     1
   Stab: Sleeping          |     4 |     8 ||    12
 Armour: Robe              |    25 |    14 ||    39
  Dodge: Dodged            |    73 |    60 ||   133
